 Dungeon Crawl Stone Soup version 0.30-a0-159-g068b764562 (webtiles) character file.

Game seed: 5122571240765127261

4 squinnward the Ogre Mage (level 1, -1/16 HPs)
             Began as an Ogre Hedge Wizard on Sept 27, 2022.
             Slain by a jackal (3 damage)
             ... on level 1 of the Dungeon.
             The game lasted 00:01:19 (179 turns).

squinnward the Ogre Mage (Ogre Hedge Wizard)         Turns: 179, Time: 00:01:21

Health: -1/16      AC:  3    Str: 13    XL:     1   Next: 70%
Magic:  2/5        EV:  9    Int: 15    God:
Gold:   21         SH:  0    Dex:  8    Spells: 7/8 levels left

rFire   . . .      SeeInvis .    a - +0 dagger
rCold   . . .      Faith    .    (no shield)
rNeg    . . .      Spirit   .    b - +0 robe
rPois   .          Reflect  .    c - +0 hat
rElec   .          Harm     .    (no cloak)
rCorr   .          Rampage  .    (gloves unavailable)
Will    .....                    (boots unavailable)
Stlth   +.........               (no amulet)
HPRegen 0.05/turn                (no ring)
MPRegen 0.09/turn                (no ring)

@: no status effects
A: large, unfitting armour, tough skin 1
a: no special abilities


You were on level 1 of the Dungeon.
You visited 1 branch of the dungeon, and saw 1 of its levels.

You collected 21 gold pieces.

Inventory:

Hand Weapons
 a - a +0 dagger (weapon)
Armour
 b - a +0 robe (worn)
 c - a +0 hat (worn)
Potions
 d - a potion of magic


   Skills:
 + Level 1.7 Dodging
 + Level 1.4 Stealth
 + Level 4.0 Spellcasting
 + Level 0.8 Conjurations
 + Level 0.8 Summonings
 + Level 0.8 Translocations


You had 7 spell levels left.
You knew the following spells:

 Your Spells              Type           Power      Damage    Failure   Level
a - Magic Dart            Conj           20%        1d4       13%         1

Your spell library contained the following spells:

 Spells                   Type           Power      Damage    Failure   Level
 Slow                     Hex            12%        N/A       19%         1
 Blink                    Tloc           10%        N/A       19%         2
 Call Imp                 Summ           5%         N/A       19%         2
 Cigotuvi's Dreadful Rot  Necr/Pois/Air  6%         N/A       26%         2
 Mephitic Cloud           Conj/Pois/Air  3%         N/A       43%         3


Dungeon Overview and Level Annotations

Branches:
Dungeon (1/15)

Altars:


Innate Abilities, Weirdness & Mutations

You are too large for most types of armour.
You have tough skin. (AC +1)


Message History

The jackal misses you. The jackal barely misses you.
The jackal bites you but does no damage.
You barely miss the jackal.
The jackal is heavily wounded.
The jackal barely misses you.
You barely miss the jackal.
The jackal is heavily wounded.
You hit the jackal but do no damage.
The jackal bites you but does no damage.
The jackal completely misses you. The jackal bites you.
You barely miss the jackal.
The jackal is heavily wounded.
The jackal bites you but does no damage. x3
You completely miss the jackal.
The jackal bites you but does no damage.
The jackal barely misses you. x3; The jackal bites you. x2
You closely miss the jackal. The jackal bites you.
The jackal bites you but does no damage. x2
You hit the jackal.
The jackal is moderately wounded.
The jackal bites you.
* * * LOW HITPOINT WARNING * * *
The jackal barely misses you.
The jackal bites you but does no damage.
You closely miss the jackal. The jackal barely misses you.
The jackal bites you but does no damage.
The jackal bites you.
* * * LOW HITPOINT WARNING * * *
The jackal barely misses you. The jackal bites you.
* * * LOW HITPOINT WARNING * * *
The jackal completely misses you.
Casting: Magic Dart (safe; 13% risk of failure)
Confirm with . or Enter, or press ? or * to list all spells.
Aiming: Magic Dart (safe; 13% risk of failure)
Press: ? - help, Shift-Dir - straight line, f/p - jackal
Aim: a jackal (moderately wounded, 100% to hit)
The magic dart hits the jackal.
The jackal is almost dead.
The jackal barely misses you. The jackal bites you.
You die...

#§≈≈≈≈≈§ §....§ ....
##'## ####8(8#### #####
## #...(.....###...##.#
...........##....#.#
............#...h#.######
.....<..........@h....[..
............#...h#.######
...........##....#.#
#.........###...##.#
###8+8#8### ##### ##
###+###


You could see 3 jackals.

Vanquished Creatures
  2 hobgoblins (D:1)
  2 goblins (D:1)
4 creatures vanquished.

Notes
Turn   | Place    | Note
-------+----------+-------------------------------------------
     0 | D:1      | squinnward the Ogre Hedge Wizard began the quest for the
                  | Orb.
     0 | D:1      | Reached XP level 1. HP: 16/16 MP: 5/5
   108 | D:1      | Reached skill level 4 in Spellcasting
   179 | D:1      | Slain by a jackal

Illustrated notes

Levels and vault maps discovered:
D:1:      dpeg_arrival_morbid_curiosity, layout_loops_ring, st_stairs_8

Skill      XL: |  1 |
---------------+----+-----
Spellcasting   | 4 |  4.0
Dodging        | |  1.7
Stealth        | |  1.4
Conjurations   | |  0.8
Summonings     | |  0.8
Translocations | |  0.8

Action                   || total
-------------------------++-------
Melee: Dagger            ||    16
 Cast: Magic Dart        ||    14
Armor: Robe              ||    11
Dodge: Dodged            ||    18

Table legend: (Time is in decaauts)
 A = Elapsed time spent in this place.
 B = Non-inter-level travel time spent in this place.
 C = Inter-level travel time spent in this place.
 D = Time resting spent in this place.
 E = Time spent auto-exploring this place.
 F = Levels seen in this place.
 G = Mean time per level.
                   A        B        C        D        E       F      G
               +--------+--------+--------+--------+--------+-----+--------+
         Total |    179 |    179 |      0 |      0 |      0 |   1 |  179.0 |
       Dungeon |    179 |    179 |      0 |      0 |      0 |   1 |  179.0 |
               +--------+--------+--------+--------+--------+-----+--------+

Top non-repeatable levels by time:
     D:1: 179 daAuts
